 Dungeon Crawl Stone Soup version 0.16-a0-1301-gf74d490 (webtiles) character file.

12411 PolkaDot the Transmogrifier (level 11, -7/100 HPs)
             Began as a Red Draconian Transmuter on Oct 14, 2014.
             Was a High Priest of Okawaru.
             Mangled by a seven-headed hydra (12 damage)
             ... on level 11 of the Dungeon.
             The game lasted 00:44:24 (13483 turns).

PolkaDot the Transmogrifier (DrTm)                 Turns: 13483, Time: 00:44:24

Health: -7/100     AC: 15    Str: 12    XL:     11   Next: 62%
Magic:  0/17       EV: 14    Int: 16    God:    Okawaru [*****.]
Gold:   642        SH:  0    Dex: 16    Spells: 2 memorised, 8 levels left

rFire  . . .     SeeInvis .       - Unarmed
rCold  + . .     Clarity  .     (armour unavailable)
rNeg   + . .     SustAb   .     (no shield)
rPois  .         Gourm    .     K - +1 hat {MR+}
rElec  .         Spirit   +     c - +0 cloak of Omocrut {god gift, rCorr}
rCorr  +         Warding  .     j - +2 pair of gloves {Dex+3}
rMut   .         Stasis   .     l - +2 pair of boots
MR     +....                    f - amulet of guardian spirit
Stlth  +.........               r - ring of positive energy
                                u - ring of ice

@: short of breath, studying Short Blades, somewhat resistant to hostile
enchantments, very unstealthy
A: breathe fire, unfitting armour, fire resistance 1, slow healing 1,
cold-blooded, AC +7
a: Breathe Fire, Heroism, Finesse, Renounce Religion


You were on level 11 of the Dungeon.
You worshipped Okawaru.
Okawaru was extremely pleased with you.
You were not hungry.

You visited 1 branch of the dungeon, and saw 13 of its levels.
You also visited: Bailey.

You collected 642 gold pieces.

Inventory:

Hand weapons
 a - a +0 blowgun
Missiles
 b - 129 arrows
 h - 46 poisoned needles
 C - 12 arrows of dispersal
Armour
 c - the +0 cloak of Omocrut (worn) {god gift, rCorr}
   (Okawaru gifted it to you on level 12 of the Dungeon)

   It protects you from acid and corrosion.
 j - a +2 pair of gloves of dexterity (worn)
 l - a +2 pair of boots (worn)
 A - the -3 pair of boots "Kogug" {SInv}
   (You found it on level 6 of the Dungeon)

   It enhances your eyesight.
 K - a +1 hat of magic resistance (worn)
Jewellery
 f - an amulet of guardian spirit (around neck)
 r - a ring of positive energy (right hand)
 u - a ring of ice (left hand)
Magical devices
 x - a wand of paralysis (7)
 H - a wand of lightning (0)
 L - a wand of confusion (16)
Scrolls
 i - 4 scrolls of remove curse
 k - a scroll of fear
 m - a scroll of fog
 n - 2 scrolls of noise
 s - a scroll of amnesia
 w - 3 scrolls of recharging
 M - a scroll of brand weapon {unknown}
 N - a scroll of holy word {unknown}
Potions
 D - a potion of brilliance
Books
 d - a book of Changes

   Spells                             Type                      Level
   *Beastly Appendage                 Transmutation                1
   Sticks to Snakes                   Transmutation                2
   Spider Form                        Transmutation/Poison         3
   Ice Form                           Ice/Transmutation            4
   *Blade Hands                       Transmutation                5
 e - a manual of Short Blades
 q - a book of Burglary

   Spells                             Type                      Level
   Swiftness                          Charms/Air                   2
   Passwall                           Transmutation/Earth          3
   Passage of Golubria                Translocation                4
   Lee's Rapid Deconstruction         Earth                        5
   Invisibility                       Hexes                        6
   Darkness                           Hexes                        7
 y - a book of Clouds

   Spells                             Type                      Level
   Mephitic Cloud                     Conjuration/Poison/Air       3
   Conjure Flame                      Conjuration/Fire             3
   Poisonous Cloud                    Conjuration/Poison/Air       6
   Freezing Cloud                     Conjuration/Ice/Air          6
   Ring of Flames                     Charms/Fire                  7
 J - the Almanac of Calling and the Birds
   (You found it on level 8 of the Dungeon)

   Spells                             Type                      Level
   Summon Butterflies                 Summoning                    1
   Flight                             Charms/Air                   3
   Abjuration                         Summoning                    3
   Call Canine Familiar               Summoning                    3
   Summon Ice Beast                   Ice/Summoning                4
   Poisonous Cloud                    Conjuration/Poison/Air       6
 P - a book of Hinderance

   Spells                             Type                      Level
   Confusing Touch                    Hexes                        2
   Confuse                            Hexes                        3
   Petrify                            Transmutation/Earth          4
   Leda's Liquefaction                Hexes/Earth                  4
   Metabolic Englaciation             Hexes/Ice                    5
   Summon Mana Viper                  Hexes/Summoning              5
Comestibles
 g - 5 meat rations
 o - 2 beef jerkies
 z - 5 fruits
 B - 2 royal jellies
 G - a slice of pizza
 I - 7 bread rations


   Skills:
 - Level 10.2 Fighting
 * Level 4.4 Dodging
 + Level 10.7 Unarmed Combat
 - Level 2.0 Spellcasting
 + Level 11.8 Transmutations


You had 8 spell levels left.
You knew the following spells:

 Your Spells              Type           Power        Failure   Level  Hunger
a - Beastly Appendage     Trmt           #####.       1%          1    #......
b - Blade Hands           Trmt           #####.....   6%          5    ######.


Dungeon Overview and Level Annotations

Branches:
Dungeon (13/15)            Temple (0/1) D:7             Orc (0/4) D:9
   Lair (0/8) D:11
 Vaults: D:13-14

Altars:
Ashenzari
Makhleb
Nemelex Xobeh
Okawaru
Qazlal
Ru
Sif Muna
Yredelemnul
Zin
Beogh

Shops:
D:8 (


Innate Abilities, Weirdness & Mutations

You can breathe blasts of fire.
Your fiery red scales are hard (AC +7).
Your body does not fit into most forms of armour.
Your flesh is heat resistant.
Your cold-blooded metabolism reacts poorly to cold.
You heal slowly when monsters are visible.


Message History

* * * LOW MAGIC WARNING * * *;
* * * LOW HITPOINT WARNING * * *
The seven-headed hydra bites you but does no damage.
The seven-headed hydra closely misses you.
The seven-headed hydra bites you but does no damage.
The seven-headed hydra closely misses you.
The seven-headed hydra bites you.
* * * LOW MAGIC WARNING * * *;
* * * LOW HITPOINT WARNING * * *
The seven-headed hydra bites you.
* * * LOW HITPOINT WARNING * * *
You punch the seven-headed hydra!
The seven-headed hydra is almost dead.
The seven-headed hydra is engulfed in roaring flames.
The seven-headed hydra bites you.
* * * LOW HITPOINT WARNING * * *
The seven-headed hydra bites you.
* * * LOW HITPOINT WARNING * * *
The seven-headed hydra bites you but does no damage.
The seven-headed hydra bites you!
* * * LOW MAGIC WARNING * * *
You die...

############# ###############
............# #..............
.>..........# #....<.........
............#######..............
.............Z.D@................
..######.#########...............
..# #.# #..#######......
..######.#########...............
.....).......Z...................
..........$......................
.......!.........................
.................................
.................................


You could see a seven-headed hydra and a troll zombie.

Vanquished Creatures
  Gastronok (D:9)
  The ghost of Const the Carver, a powerful MiGl of Ru (D:11)
  The ghost of SnowFan the Eclecticist, a powerful DECj of Vehumet (D:11)
  Urug (D:10)
  A hill giant (D:10)
  The ghost of Raxtorm the Hoplite, an experienced MiFi of Okawaru (D:7)
  The ghost of braks the Chiller, an experienced DsTm of Sif Muna (D:6)
  A cyclops (D:12)
  A gargoyle (D:9)
  A troll (D:13)
  A two-headed ogre (D:10)
  A spriggan (D:7)
  A wyvern (D:9)
  A deep elf mage (D:12)
  2 hill giant zombies
  3 hippogriffs
  3 vampire mosquitoes (D:12)
  A hungry ghost (D:8)
  The ghost of zordkkahn the Comforter, an average GrHe of Elyvilon (D:4)
  A water moccasin (D:6)
  A tengu skeleton (D:13)
  3 sky beasts
  12 orc warriors
  2 black bears
  6 ice beasts
  3 ogres
  A centaur (D:4)
  4 phantoms
  A crocodile (D:9)
  2 necrophages (D:10)
  A wyvern zombie (D:8)
  A water moccasin zombie (D:6)
  3 giant frogs
  2 scorpions
  4 killer bees
  5 wights (D:9)
  4 crimson imps
  A quasit (D:8)
  A lava snake (D:8)
  2 giant frog zombies
  A hound (D:9)
  3 orc priests (D:9)
  A black bear zombie (D:9)
  An elf zombie (D:7)
  A giant frog skeleton (D:4)
  A basilisk zombie (D:13)
  3 iguanas
  A jelly (D:9)
  6 worker ants
  4 orc wizards
  Ijyb (D:3)
  10 adders
  2 shadow imps
  2 worms
  3 giant mites
  An iguana skeleton (D:6)
  2 orc zombies
  An adder skeleton (D:5)
  An orc skeleton (D:8)
  An ooze (D:1)
  42 orcs
  2 ball pythons
  14 bats
  3 giant cockroaches (D:4)
  15 hobgoblins
  7 jackals
  2 quokkas
  3 giant geckos
  5 giant newts
  11 goblins
  A jackal zombie (D:6)
  13 kobolds
  A kobold skeleton (D:5)
  A kobold zombie (D:5)
  A quokka skeleton (D:4)
  18 rats
  A rat skeleton (D:4)
  A rat zombie (D:5)
  A spectral orc (D:3)
  A ballistomycete (D:8)
273 creatures vanquished.

Vanquished Creatures (collateral kills)
  4 killer bees (D:12)
4 creatures vanquished.

Vanquished Creatures (others)
  A steam dragon (D:12)
  An iguana (D:8)
  An orc (D:12)
  2 giant spores
5 creatures vanquished.

Grand Total: 282 creatures vanquished

Notes
Turn   | Place    | Note
--------------------------------------------------------------
     0 | D:1      | PolkaDot, the Draconian Transmuter, began the quest for the Orb.
     0 | D:1      | Reached XP level 1. HP: 16/16 MP: 3/3
   243 | D:1      | Reached XP level 2. HP: 22/24 MP: 2/4
   825 | D:1      | Reached XP level 3. HP: 24/30 MP: 4/6
  1305 | D:2      | Reached skill level 4 in Unarmed Combat
  1817 | D:2      | Reached XP level 4. HP: 22/37 MP: 7/7
  2654 | D:3      | Noticed Ijyb
  2688 | D:3      | Killed Ijyb
  2820 | D:3      | Reached XP level 5. HP: 36/45 MP: 7/9
  2827 | D:3      | Learned a level 5 spell: Blade Hands
  2873 | D:3      | Found a shattered altar of Ashenzari.
  3048 | D:3      | Found a basalt altar of Yredelemnul.
  3105 | D:3      | Found an iron altar of Okawaru.
  3119 | D:3      | Became a worshipper of Warmaster Okawaru
  3782 | D:4      | Noticed zordkkahn's ghost (average GrHe)
  3784 | D:4      | Reached skill level 5 in Unarmed Combat
  3801 | D:4      | Killed zordkkahn's ghost
  3801 | D:4      | Reached XP level 6. HP: 52/52 MP: 10/10
  3888 | D:4      | Noticed a phantom
  3939 | D:4      | Killed a phantom
  3939 | D:4      | Reached skill level 6 in Unarmed Combat
  4124 | D:4      | Noticed a centaur
  4139 | D:4      | Killed a centaur
  4283 | D:4      | Your scales start taking on a fiery red colour.
  4283 | D:4      | Gained mutation: Your flesh is heat resistant. [draconian maturity]
  4283 | D:4      | Reached XP level 7. HP: 60/60 MP: 10/12
  4507 | D:5      | Entered Level 5 of the Dungeon
  4509 | D:5      | Reached skill level 5 in Fighting
  4631 | D:5      | Acquired Okawaru's first power
  5118 | D:6      | Got a pair of faintly glowing boots
  5129 | D:6      | Identified the cursed -3 pair of boots "Kogug" {SInv} (You found it on level 6 of the Dungeon)
  5286 | D:6      | Reached skill level 7 in Unarmed Combat
  5286 | D:6      | Reached XP level 8. HP: 45/70 MP: 7/13
  5295 | D:6      | Reached skill level 5 in Transmutations
  5500 | D:6      | Noticed braks' ghost (experienced DsTm)
  5526 | D:6      | Killed braks' ghost
  5778 | D:6      | Found a burning altar of Makhleb.
  5795 | D:6      | Found a deep blue altar of Sif Muna.
  6403 | D:7      | Noticed Raxtorm's ghost (experienced MiFi)
  6415 | D:7      | Killed Raxtorm's ghost
  6415 | D:7      | Reached skill level 8 in Unarmed Combat
  6415 | D:7      | Reached XP level 9. HP: 79/79 MP: 11/14
  6536 | D:7      | Found a sparkling altar of Nemelex Xobeh.
  6779 | D:7      | Found a staircase to the Ecumenical Temple.
  6888 | D:7      | Found a sacrificial altar of Ru.
  6888 | D:7      | Found a burning altar of Makhleb.
  7479 | D:8      | Identified the Almanac of Calling and the Birds (You found it on level 8 of the Dungeon)
  7488 | D:8      | Gained mutation: Your flesh is very heat resistant. [mutagenic glow]
  7527 | D:8      | Gained mutation: You heal slowly when monsters are visible. [mutagenic glow]
  7580 | D:8      | Gained mutation: Your vision is a little blurry. [mutagenic glow]
  7789 | D:8      | Lost mutation: Your vision is a little blurry. [potion of cure mutation]
  7789 | D:8      | Lost mutation: Your flesh is very heat resistant. [potion of cure mutation]
  8009 | D:8      | Found a glowing silver altar of Zin.
  8029 | D:8      | Reached skill level 9 in Transmutations
  8259 | D:8      | Found Waib Raa's Antique Weapon Emporium.
  9001 | D:9      | Reached XP level 10. HP: 60/90 MP: 3/16
  9412 | D:9      | Noticed Gastronok
  9429 | D:9      | Killed Gastronok
  9429 | D:9      | Reached skill level 10 in Transmutations
  9437 | D:9      | Acquired Okawaru's second power
  9790 | D:9      | Found a staircase to the Orcish Mines.
  9799 | D:9      | Found a roughly hewn altar of Beogh.
  9937 | D:9      | Noticed a gargoyle
  9948 | D:9      | Killed a gargoyle
 10141 | D:10     | Entered Level 10 of the Dungeon
 10145 | D:10     | Noticed Urug
 10158 | D:10     | Killed Urug
 10158 | D:10     | Received a gift from Okawaru
 10158 | D:10     | Reached skill level 11 in Transmutations
 10228 | D:10     | Reached XP level 11. HP: 58/99 MP: 5/17
 10237 | D:10     | Reached skill level 10 in Unarmed Combat
 11243 | D:11     | Found a stormy altar of Qazlal.
 11243 | D:11     | Noticed Const's ghost (powerful MiGl)
 11290 | D:11     | Killed Const's ghost
 11290 | D:11     | Reached skill level 10 in Fighting
 11498 | D:11     | Found a staircase to the Lair.
 11553 | D:11     | Noticed a seven-headed hydra
 11561 | D:11     | Noticed a hill giant
 11581 | D:11     | Noticed SnowFan's ghost (powerful DECj)
 11584 | D:11     | You fall through a shaft for 2 floors!
 12273 | D:12     | Received a gift from Okawaru
 12278 | D:12     | Got a polished cloak {god gift}
 12284 | D:12     | Identified the +0 cloak of Omocrut {god gift, rCorr} (Okawaru gifted it to you on level 12 of the Dungeon)
 12315 | D:12     | Found a flagged portal.
 12346 | Bailey   | Entered a bailey
 13168 | D:11     | Killed SnowFan's ghost
 13214 | D:10     | Killed a hill giant
 13483 | D:11     | HP: 5/100 [seven-headed hydra (1)]
 13483 | D:11     | Mangled by a seven-headed hydra

Action                   |  1- 3 |  4- 6 |  7- 9 | 10-12 || total
-------------------------+-------+-------+-------+-------++-------
Melee: Unarmed           |   125 |   214 |   425 |   415 ||  1179
 Cast: Beastly Appendage |    11 |    16 |    20 |    11 ||    58
       Blade Hands       |       |       |     5 |    22 ||    27
Invok: Heroism           |       |       |     1 |     6 ||     7
 Abil: Breathe Fire      |       |       |     5 |     3 ||     8
       End Transformatio |       |       |       |     1 ||     1
Evoke: Wand              |       |       |       |     6 ||     6
  Use: Scroll            |       |     8 |    12 |    13 ||    33
       Potion            |       |     3 |    10 |     6 ||    19
 Stab: Sleeping          |       |       |     2 |       ||     2
  Eat: Chunk             |     3 |     7 |     9 |     7 ||    26
       Bread ration      |       |       |     1 |     2 ||     3
       Meat ration       |       |       |     1 |     2 ||     3
       Fruit             |       |       |     1 |       ||     1
       Beef jerky        |       |       |       |     1 ||     1
